 Dungeon Crawl Stone Soup version 0.19.0-18-g426998a (webtiles) character file.

25 poirepourri the Sneak (level 2, -2/14 HPs)
             Began as a Spriggan Enchanter on Nov 11, 2016.
             Slain by a leopard gecko (3 damage)
             ... on level 1 of the Dungeon.
             The game lasted 00:01:32 (895 turns).

poirepourri the Sneak (Spriggan Enchanter)           Turns: 895, Time: 00:01:33

Health: -2/14      AC:  3    Str:  4    XL:     2   Next: 86%
Magic:  1/6        EV: 19    Int: 16    God:
Gold:   29         SH:  0    Dex: 16    Spells: 2 memorised, 3 levels left

rFire  . . .     SeeInvis +     a - +1 dagger
rCold  . . .     Gourm    .     b - +1 robe
rNeg   . . .     Faith    .     (shield restricted)
rPois  .         Spirit   .     (helmet restricted)
rElec  .         Reflect  .     (no cloak)
rCorr  .         Harm     .     (gloves unavailable)
MR     .....                    (boots unavailable)
Stlth  +++.......               (no amulet)
                                (no ring)
                                (no ring)

@: very quick
A: unfitting armour, see invisible, herbivore 3, speed 3, slow metabolism 2
a: no special abilities


You were on level 1 of the Dungeon.
You were not hungry.

You visited 1 branch of the dungeon, and saw 1 of its levels.

You collected 29 gold pieces.

Inventory:

Hand Weapons
 a - a +1 dagger (weapon)
Armour
 b - a +1 robe (worn)
Books
 c - a book of Maledictions

   Spells                             Type                      Level
   a - Corona                         Hexes                        1
   b - Ensorcelled Hibernation        Hexes/Ice                    2
   c - Confuse                        Hexes                        3
   d - Tukima's Dance                 Hexes                        3
   e - Dazzling Spray                 Conjuration/Hexes            3
Comestibles
 d - a bread ration


   Skills:
 + Level 0.4 Fighting
 + Level 1.1 Short Blades
 + Level 3.5 Dodging
 + Level 4.9 Stealth
 + Level 2.8 Spellcasting
 + Level 4.1 Hexes
 + Level 0.1 Ice Magic


You had 3 spell levels left.
You knew the following spells:

 Your Spells              Type           Power        Failure   Level  Hunger
a - Corona                Hex            ###....      4%          1    #......
b - Ensorcelled Hibernat  Hex/Ice        #.....       14%         2    ##.....


Dungeon Overview and Level Annotations

Branches:
Dungeon (1/15)

Altars:


Innate Abilities, Weirdness & Mutations

You are very small and have problems with some larger weapons.
You are too small for most types of armour.
You have supernaturally acute eyesight. (SInv)
You are a herbivore.
You cover ground extremely quickly.
You need consume almost no food.


Message History

The leopard gecko is heavily wounded.
The leopard gecko bites you but does no damage.
You hit the leopard gecko but do no damage.
The leopard gecko is heavily wounded.
The leopard gecko bites you.
* * * LOW HITPOINT WARNING * * *
The leopard gecko barely misses you.
You aren't carrying any potions.
Unknown command.
Casting: Ensorcelled Hibernation
Confirm with . or Enter, or press ? or * to list all spells.
Aiming: Ensorcelled Hibernation
Press: ? - help, Shift-Dir - straight line, f - giant cockroach
Aim: a giant cockroach (clinging, chance to defeat MR: 58%)
The giant cockroach looks drowsy...
The helpless giant cockroach fails to defend itself.
You impale the giant cockroach!!
You kill the giant cockroach!
The leopard gecko bites you.
You die...

#### ### #.. ..# #.#
#.# ######.# #.#
...g...#### #.####
#####.....###.##l##
#.........g.#.##
############@#.# .##
###.##l## ...##
###....###
⌠)...#####..(.⌠..##
..⌠....#....⌠..%..###
....⌠.....⌠....⌠..#.#
..................#.#
##....<....#######.#
####...#### #.#


You could see a leopard gecko and a hobgoblin.

Vanquished Creatures
  A dart slug (D:1)
  4 giant cockroaches (D:1)
  4 goblins (D:1)
  2 hobgoblins (D:1)
  A kobold (D:1)
  4 bats (D:1)
  3 frilled lizards (D:1)
  2 rats (D:1)
21 creatures vanquished.

Vanquished Creatures (others)
  A goblin (D:1)
1 creature vanquished.

Grand Total: 22 creatures vanquished

Notes
Turn   | Place    | Note
-------+----------+-------------------------------------------
     0 | D:1      | poirepourri the Spriggan Enchanter began the quest for the Orb.
     0 | D:1      | Reached XP level 1. HP: 9/9 MP: 5/5
   279 | D:1      | Reached XP level 2. HP: 8/13 MP: 6/6
   494 | D:1      | Learned a level 2 spell: Ensorcelled Hibernation
   895 | D:1      | Slain by a leopard gecko

Skill      XL: |  1  2 |
---------------+-------+-----
Hexes          | 4 |  4.1
Fighting       | |  0.4
Short Blades   | |  1.1
Dodging        | |  3.5
Stealth        | |  4.9
Spellcasting   | |  2.8
Ice Magic      | |  0.1

Action                   || total
-------------------------++-------
Melee: Dagger            ||   122
 Cast: Ensorcelled Hiber ||    10
  Use: Scroll            ||     1
 Stab: Sleeping          ||     8
Armor: Robe              ||    29
Dodge: Dodged            ||   145
